 Dungeon Crawl Stone Soup version 0.28-a0-1382-g92835e5c71 (webtiles) character file.

Game seed: 5898222712662641532

3164 ders the Cleaver (level 9, -7/84 HPs)
             Began as a Minotaur Berserker on Jan 2, 2022.
             Was a Priest of Trog.
             Mangled by a wraith (8 damage)
             ... on level 7 of the Dungeon.
             The game lasted 00:06:55 (6397 turns).

ders the Cleaver (Minotaur Berserker)               Turns: 6397, Time: 00:06:56

Health: -7/84      AC:  3    Str: 23    XL:     9   Next: 63%
Magic:  0/8        EV: 16    Int:  4    God:    Trog [***...]
Gold:   318        SH:  0    Dex: 10    Spells: 8/8 levels left

rFire   + . .      SeeInvis .   e - +6 dagger of Xeor {flame, rPois rC+ rCorr Str-3}
rCold   + . .      Faith    .   (no shield)
rNeg    . . .      Spirit   +   b - +0 animal skin
rPois   +          Reflect  .   (helmet restricted)
rElec   .          Harm     .   w - +0 cloak
rCorr   +          Rampage  .   (no gloves)
Will    .....                   (no boots)
Stlth   +.........              r - amulet of guardian spirit
HPRegen 0.24/turn               o - ring of protection from fire
MPRegen 0.11/turn               d - +4 ring of evasion

@: brilliant, flying, slowed, very slow
A: horns 2, retaliatory headbutt
a: Renounce Religion, Berserk, Trog's Hand


You were on level 7 of the Dungeon.
You worshipped Trog.
Trog was most pleased with you.
You visited 1 branch of the dungeon, and saw 7 of its levels.

You collected 318 gold pieces.

Inventory:

Hand Weapons
 a - a +0 hand axe
 e - the +6 dagger of Xeor (weapon) {flame, rPois rC+ rCorr Str-3}
   (You found it on level 2 of the Dungeon)

   It burns those it strikes, dealing additional fire damage.
   Str:       It affects your strength (-3).
   rC:        It protects you from cold.
   rPois:     It protects you from poison.
   rCorr:     It protects you from acid and corrosion.
 k - a +3 war axe
Armour
 b - a +0 animal skin (worn)
 w - a +0 cloak (worn)
Jewellery
 d - a +4 ring of evasion (right hand)
 m - a ring of protection from cold
 o - a ring of protection from fire (left hand)
 r - an amulet of guardian spirit (around neck)
 v - an amulet of faith
 x - a ring of resist corrosion
Wands
 h - a wand of digging (3)
 n - a wand of charming (9)
Scrolls
 c - 2 scrolls of identify {unknown}
 j - a scroll of holy word {unknown}
 l - a scroll of vulnerability {unknown}
 q - 3 scrolls of immolation {unknown}
 t - a scroll of magic mapping {unknown}
 u - a scroll of fog {unknown}
 y - a scroll of fear {unknown}
 z - a scroll of amnesia {unknown}
 A - 2 scrolls of teleportation {unknown}
Potions
 g - 2 potions of resistance


   Skills:
 + Level 9.4 Fighting
 + Level 7.3 Short Blades
 * Level 11.6 Axes
 - Level 2.4 Armour
 - Level 2.1 Dodging


You had 8 spell levels left.
You didn't know any spells.
Your spell library was empty.

Dungeon Overview and Level Annotations

Branches:
Dungeon (7/15)             Temple (0/1) D:4

Altars:
Elyvilon
Fedhas
Hepliaklqana
Makhleb
Okawaru
Ru
Sif Muna


Innate Abilities, Weirdness & Mutations

You have a pair of horns on your head.
You reflexively headbutt those who attack you in melee.


Message History

It was a potion of ambrosia.
You are confused.
You feel invigorated.
You bump into the rock wall.
You miss the wraith. Your headbutt misses the wraith.
The wraith is lightly damaged.
You hear the faint creaking of a distant portcullis.
The wraith misses you.
You bump into the rock wall.
The wraith hits you. The wraith drains your vigour!
You feel as though you will be slow longer.
The gnoll sergeant hits you from afar with a +7 spear of distortion!
* * * LOW HITPOINT WARNING * * *
Space warps horribly around you!
* * * LOW HITPOINT WARNING * * *
The wraith misses you. The gnoll sergeant closely misses you.
It was a potion of brilliance.
You feel clever all of a sudden.
You feel less invigorated.
You feel less confused. The wraith closely misses you. The wraith hits you.
The wraith drains your vigour!
You feel as though you will be slow longer.
It was a potion of flight.
You feel very buoyant.
You fly up into the air.
The wraith completely misses you. The wraith hits you but does no damage.
The orc priest invokes the aid of Beogh against you.
Beogh smites you!
* * * LOW HITPOINT WARNING * * *
The gnoll sergeant hits you from afar with a +7 spear of distortion!
* * * LOW HITPOINT WARNING * * *
Space warps around you!
* * * LOW HITPOINT WARNING * * *
You recover from your berserk rage.
The gnoll sergeant barely misses you. The gnoll sergeant misses you.
The wraith hits you.
* * * LOW HITPOINT WARNING * * *
Found an escape hatch in the ceiling.
The wraith hits you!
You die...

#. #..........#
#.##.##.####...#
#.#...<# .#
#og..#.##
#n#.o.....
#######.##.#.##.
........##g#.##
+++#####nW....#
###@##.# #.# .
#.. ..## .## #.
.. <.


You could see a wraith, a necrophage, a gnoll sergeant and an orc priest.

Vanquished Creatures
  Pikel (D:6)
  An unseen horror (D:5)
  A hornet (D:7)
  An ice beast (D:6)
  3 sky beasts
  2 ogres
  3 necrophages (D:6)
  A centaur (D:6)
  A phantom (D:5)
  2 kobold brigands
  3 scorpions
  A gnoll sergeant (D:6)
  A wight (D:7)
  3 centaur zombies
  A bullfrog zombie (D:5)
  A gnoll shaman (D:7)
  2 bullfrog skeletons
  A hound (D:7)
  2 centaur skeletons
  4 orc priests
  Crazy Yiuf (D:5)
  An iguana (D:6)
  Ijyb (D:3)
  8 orc wizards
  A hound zombie (D:5)
  7 gnolls (D:6)
  A howler monkey zombie (D:7)
  4 adders
  An ufetubus (D:6)
  2 worms
  A dart slug (D:2)
  6 orcs
  5 ball pythons
  5 endoplasms
  3 giant cockroaches
  6 goblins
  6 hobgoblins
  7 jackals
  2 quokkas (D:1)
  4 bats
  4 frilled lizards
  7 kobolds
  A rat (D:2)
  A bush (D:6)
120 creatures vanquished.

Notes
Turn   | Place    | Note
-------+----------+-------------------------------------------
     0 | D:1      | ders the Minotaur Berserker began the quest for the Orb.
     0 | D:1      | Reached XP level 1. HP: 19/19 MP: 0/0
   152 | D:1      | Reached skill level 4 in Axes
   152 | D:1      | Reached XP level 2. HP: 25/27 MP: 1/1
   633 | D:2      | Reached XP level 3. HP: 29/34 MP: 2/2
  1019 | D:2      | Identified the +6 dagger of Xeor {flame, rPois rC+ rCorr
                  | Str-3}
  1048 | D:2      | Found the +4 dagger "Morg" {pain, Will+ Int+5}
  1067 | D:2      | Reached ** piety under Trog
  1437 | D:3      | Noticed Ijyb
  1450 | D:3      | Killed Ijyb
  1451 | D:3      | Reached skill level 5 in Fighting
  1451 | D:3      | Reached skill level 1 in Short Blades
  1451 | D:3      | Reached XP level 4. HP: 31/42 MP: 3/3
  1684 | D:3      | Noticed a scorpion
  1688 | D:3      | Killed a scorpion
  1689 | D:3      | Reached XP level 5. HP: 49/49 MP: 4/4
  1811 | D:3      | Found a faded altar of an unknown god.
  2166 | D:3      | Found a faded altar of an unknown god.
  2167 | D:3      | Found a hazy altar of Hepliaklqana.
  2182 | D:3      | Reached skill level 5 in Axes
  2522 | D:4      | Noticed an ogre
  2533 | D:4      | Killed an ogre
  2534 | D:4      | Reached XP level 6. HP: 38/57 MP: 5/5
  2618 | D:4      | Reached skill level 6 in Axes
  2765 | D:4      | Found a staircase to the Ecumenical Temple.
  3225 | D:5      | Entered Level 5 of the Dungeon
  3396 | D:5      | Noticed a sky beast
  3402 | D:5      | Killed a sky beast
  3403 | D:5      | Reached XP level 7. HP: 64/64 MP: 6/6
  3505 | D:5      | Reached skill level 7 in Axes
  3818 | D:5      | Killed an unseen horror
  3819 | D:5      | Reached skill level 5 in Short Blades
  3819 | D:5      | Reached skill level 8 in Axes
  3819 | D:5      | Reached XP level 8. HP: 20/73 MP: 7/7
  4159 | D:5      | Found a runed translucent door.
  4160 | D:5      | Noticed Crazy Yiuf
  4231 | D:5      | Killed Crazy Yiuf
  4525 | D:6      | Found an iron altar of Okawaru.
  4655 | D:6      | Noticed Pikel
  4668 | D:6      | Reached skill level 9 in Axes
  4669 | D:6      | Killed Pikel
  4670 | D:6      | Reached skill level 10 in Axes
  4993 | D:6      | Reached XP level 9. HP: 73/82 MP: 8/8
  5484 | D:6      | Found a white marble altar of Elyvilon.
  5484 | D:6      | Found a blossoming altar of Fedhas.
  5485 | D:6      | Found a sacrificial altar of Ru.
  5486 | D:6      | Found a shimmering blue altar of Sif Muna.
  5584 | D:6      | Reached skill level 11 in Axes
  6265 | D:6      | Found a burning altar of Makhleb.
  6358 | D:7      | Reached *** piety under Trog
  6384 | D:7      | HP: 3/84 [gnoll sergeant (6)]
  6395 | D:7      | HP: 1/84 [gnoll sergeant (5)]
  6397 | D:7      | Mangled by a wraith

Illustrated notes

Levels and vault maps discovered:
D:1:      scummos_arrival_simple_fountains, layout_rooms
D:2:      layout_loops_cross, minmay_misc_feat_rugged
D:3:      layout_loops_corners, beargit_hepliaklqana_dungeon_heroes,
          dreamdust_ecumenical_altar_statues, minmay_distorted, uniq_ijyb
D:4:      cheibrodos_old_hovel, layout_basic,
          minmay_temple_entry_gardened_gates, serial_curves, eino_curves_01,
          eino_curves_03, eino_curves_02, amcnicky_mini_corridor_feature,
          minmay_a_box_with_orc_wizards_in_it
D:5:      layout_cave_pools, hangedman_decor_clover_reticule,
          uniq_crazy_yiuf_cottage
D:6:      layout_basic, lemuel_round_altar, mainiacjoe_overflow_tiny_flanked,
          grunt_temple_overflow_open, kb_lookout_dungeons_type, uniq_pikel
D:7:      minmay_the_grid_octo_2x2 [minmay_the_grid_octo_toaster,
          minmay_the_grid_octo_empty, minmay_the_grid_octo_focus,
          minmay_the_grid_octo_prize_single_spiral], layout_loops_cross,
          kennysheep_vampire_church, enter_bailey_2

Skill      XL: |  1  2  3  4  5  6  7  8  9 |
---------------+----------------------------+-----
Fighting       | 4 5 6 7 8 9 |  9.4
Axes           | 4 5 6 8 10 11 | 11.6
Short Blades   | 1 2 3 5 6 7 |  7.3
Armour         | |  2.4
Dodging        | |  2.1

Action                   |  1- 3 |  4- 6 |  7- 9 || total
-------------------------+-------+-------+-------++-------
Melee: Hand axe          |    52 |       |       ||    52
       Headbutt          |    10 |    10 |    33 ||    53
       Dagger            |    23 |    46 |   167 ||   236
Invok: Berserk           |       |     4 |     6 ||    10
       Trog's Hand       |       |     1 |     1 ||     2
  Use: Potion            |       |       |     9 ||     9
 Stab: Sleeping          |     1 |       |       ||     1
Armor: Animal skin       |    15 |     5 |    26 ||    46
Dodge: Dodged            |    39 |    28 |   132 ||   199

Table legend: (Time is in decaauts)
 A = Elapsed time spent in this place.
 B = Non-inter-level travel time spent in this place.
 C = Inter-level travel time spent in this place.
 D = Time resting spent in this place.
 E = Time spent auto-exploring this place.
 F = Levels seen in this place.
 G = Mean time per level.
                   A        B        C        D        E       F      G
               +--------+--------+--------+--------+--------+-----+--------+
         Total |   6437 |   6203 |    234 |   1517 |   3917 |   7 |  919.6 |
       Dungeon |   6437 |   6203 |    234 |   1517 |   3917 |   7 |  919.6 |
               +--------+--------+--------+--------+--------+-----+--------+

Top non-repeatable levels by time:
     D:6: 1797 daAuts
     D:5: 1186 daAuts
     D:3: 1100 daAuts
     D:2: 864 daAuts
     D:4: 861 daAuts
     D:1: 565 daAuts
     D:7: 62 daAuts
